 Dungeon Crawl Stone Soup version 0.17-a0-1763-g847a857 (webtiles) character file.

1913 hexophile the Basher (level 9, 0/101 HPs)
             Began as an Ogre Fighter on Sept 6, 2015.
             Was an Initiate of the Shining One.
             Slain by Ajdolov's ghost (20 damage)
             ... on level 7 of the Dungeon.
             The game lasted 00:11:51 (7976 turns).

hexophile the Basher (Ogre Fighter)                 Turns: 7976, Time: 00:11:51

Health: 0/101      AC:  4    Str: 28    XL:     9   Next: 16%
Magic:  18/18      EV: 10    Int:  7    God:    the Shining One [......]
Gold:   288        SH:  0    Dex: 12    Spells: 0 memorised, 8 levels left

rFire  . . .     SeeInvis .     C - +2 giant spiked club
rCold  . . .     Clarity  .     b - +0 robe
rNeg   . . .     SustAt   .     (no shield)
rPois  .         Gourm    .     (helmet restricted)
rElec  .         Spirit   .     j - +0 cloak
rCorr  .         Warding  .     (gloves unavailable)
rMut   .         Rnd*Tele +     (boots unavailable)
MR     .....                    (no amulet)
Stlth  +.........               l - ring of teleportation (curse)
                                r - ring of magical power

@: mighty, drained, not resistant to hostile enchantments, very unstealthy
A: unfitting armour, tough skin 1
a: Renounce Religion, Evoke Teleportation


You were on level 7 of the Dungeon.
You worshipped the Shining One.
The Shining One was noncommittal.
You were not hungry.

You visited 2 branches of the dungeon, and saw 8 of its levels.
You also visited: Sewer.

You collected 288 gold pieces.

Inventory:

Hand weapons
 C - a +2 giant spiked club (weapon)
Missiles
 c - 246 stones (quivered)
Armour
 b - a +0 robe (worn)
 j - a +0 cloak (worn)
Jewellery
 l - a cursed ring of teleportation (right hand)
 r - a ring of magical power (left hand)
 y - an uncursed ring of ice
Magical devices
 q - a wand of random effects (34)
 w - a wand of magic darts (39)
Scrolls
 g - 2 scrolls of recharging
 i - 2 scrolls of identify
 n - 9 scrolls of magic mapping
 o - 5 scrolls of teleportation
 p - a scroll of enchant weapon
 D - a scroll of remove curse
Potions
 d - a potion of mutation {unknown}
 f - 8 potions of curing
 m - a potion of flight {unknown}
 s - 2 potions of haste {unknown}
 t - a potion of brilliance {unknown}
 u - a potion of cancellation {unknown}
 v - 2 potions of lignification {unknown}
 z - a potion of might
 A - 5 potions of magic {unknown}
Books
 a - a book of Air

   Spells                             Type                      Level
   a - Shock                          Conjuration/Air              1
   b - Swiftness                      Charms/Air                   2
   c - Repel Missiles                 Charms/Air                   2
   d - Static Discharge               Conjuration/Air              3
   e - Lightning Bolt                 Conjuration/Air              5
Comestibles
 e - 4 bread rations
 h - 3 beef jerkies
 x - 3 meat rations
 B - a royal jelly


   Skills:
 + Level 10.1(9.5) Fighting
 * Level 12.0(11.4) Maces & Flails
 - Level 2.6(2.2) Dodging
   Level 2.6(2.2) Shields


You had 8 spell levels left.
You didn't know any spells.

Dungeon Overview and Level Annotations

Branches:
Dungeon (7/15)             Temple (1/1) D:7

Altars:
Ashenzari
Cheibriados
Dithmenos
Elyvilon
Fedhas
Gozag
Kikubaaqudgha
Makhleb
Okawaru
Ru
Sif Muna
Trog
Vehumet
Yredelemnul
The Shining One

Annotations:
D:6 exclusion: 2 downstairs
D:7 Ajdolov's ghost, experienced MiGl


Innate Abilities, Weirdness & Mutations

You are too large for most types of armour.
You have tough skin (AC +1).


Message History

* * * LOW HITPOINT WARNING * * *
Ajdolov's ghost hits you.
* * * LOW HITPOINT WARNING * * *
Drink which item? (? for menu, Esc to quit)
You feel much better. Ajdolov's ghost hits you!
You hit Ajdolov's ghost but do no damage.
Ajdolov's ghost is severely damaged.
Ajdolov's ghost hits you!
* * * LOW HITPOINT WARNING * * *
You miss Ajdolov's ghost.
Ajdolov's ghost is severely damaged.
Ajdolov's ghost hits you.
* * * LOW HITPOINT WARNING * * *
Drink which item? (? for menu, Esc to quit)
You feel very mighty all of a sudden. Ajdolov's ghost closely misses you.
You barely miss Ajdolov's ghost.
Ajdolov's ghost is severely damaged.
Ajdolov's ghost hits you!!
You die...

######### #.......#
.#.......# #####
.........# #...#######
.........#####.#.#.....#
..§.§.......##.#.#.###.#
..§§.§.........#.#.###.#
..§.........##.W.....#.#
......#....<##.#@#.#.#.#
......#........#.#.#.#.#
..#####.......##.#.#.#.#
. #..._...##.#...#.#
#...W...##.#####.#
#......###.....#.###
..###.(##########.#...#
...........># #.###.#
...########.# #.###.#


You could see Ajdolov's ghost.

Vanquished Creatures
  A wyvern (D:4)
  A hungry ghost (D:7)
  2 ogres
  An orc warrior (D:6)
  A phantom (D:5)
  An ice beast (D:4)
  2 centaurs
  4 giant frogs
  A water moccasin zombie (D:6)
  A scorpion (D:5)
  A hound (D:7)
  A jelly (D:5)
  3 orc wizards
  Ijyb (D:2)
  2 iguanas
  Jessica (D:2)
  2 worker ants (D:4)
  A gnoll (D:1)
  11 river rats
  A shadow imp (D:7)
  10 adders
  An adder zombie (D:6)
  A worm (D:2)
  5 giant geckos
  26 orcs
  21 ball pythons
  13 bats
  10 giant cockroaches
  8 goblins
  8 hobgoblins
  5 jackals
  2 giant gecko skeletons
  2 giant gecko zombies
  7 giant newts
  9 kobolds
  A quokka (D:2)
  46 rats
  A spectral orc (D:3)
215 creatures vanquished.

Notes
Turn   | Place    | Note
--------------------------------------------------------------
     0 | D:1      | hexophile the Ogre Fighter began the quest for the Orb.
     0 | D:1      | Reached XP level 1. HP: 24/24 MP: 1/1
   327 | D:1      | Reached XP level 2. HP: 30/32 MP: 2/2
   614 | D:1      | Reached XP level 3. HP: 28/39 MP: 3/3
  1340 | D:2      | Reached skill level 5 in Maces & Flails
  1530 | D:2      | Noticed Ijyb
  1549 | D:2      | Killed Ijyb
  1549 | D:2      | Reached XP level 4. HP: 29/48 MP: 4/4
  1848 | D:3      | Reached skill level 6 in Maces & Flails
  1891 | D:2      | Noticed Jessica
  1896 | D:2      | Killed Jessica
  2156 | D:2      | Reached XP level 5. HP: 33/54 MP: 5/5
  2552 | D:3      | Found a faded altar to an unknown god.
  2987 | D:3      | Found a basalt altar of Yredelemnul.
  3121 | D:4      | Found a white marble altar of Elyvilon.
  3161 | D:4      | Found a glowing drain.
  3178 | D:4      | Reached skill level 7 in Maces & Flails
  3197 | Sewer    | Entered a sewer
  3484 | Sewer    | Reached skill level 5 in Fighting
  3485 | Sewer    | Reached XP level 6. HP: 18/66 MP: 6/6
  3841 | Sewer    | Reached skill level 8 in Maces & Flails
  4112 | D:4      | Reached XP level 7. HP: 68/75 MP: 7/7
  4160 | D:4      | Noticed a wyvern
  4172 | D:4      | HP: 6/75 [wyvern (15)]
  4677 | D:4      | Reached skill level 9 in Maces & Flails
  4848 | D:4      | Killed a wyvern
  4848 | D:4      | Reached XP level 8. HP: 31/88 MP: 8/8
  5581 | D:5      | Entered Level 5 of the Dungeon
  5712 | D:5      | Reached skill level 10 in Maces & Flails
  6289 | D:6      | HP: 4/92 [orc warrior/halberd (7)]
  6293 | D:6      | Reached skill level 11 in Maces & Flails
  7121 | D:6      | Reached XP level 9. HP: 90/101 MP: 9/9
  7456 | D:7      | Found a shadowy altar of Dithmenos.
  7456 | D:7      | Noticed Ajdolov's ghost (experienced MiGl)
  7563 | D:7      | Reached skill level 10 in Fighting
  7601 | D:7      | Reached skill level 12 in Maces & Flails
  7712 | D:7      | Found a staircase to the Ecumenical Temple.
  7720 | Temple   | Entered the Ecumenical Temple
  7736 | Temple   | Became a worshipper of the Shining One
  7892 | D:7      | Found a radiant altar of Vehumet.
  7965 | D:7      | HP: 2/101 [Ajdolov's ghost (20)]
  7976 | D:7      | Slain by Ajdolov's ghost

Vault maps used:
D:1:      minmay_arrival_loop, serial_forest, infiniplex_forest_clump_medium,
          infiniplex_forest_clump_tiny, infiniplex_forest_clump_diagonal,
          infiniplex_forest_clump_curved, infiniplex_forest_clump_curved,
          infiniplex_forest_clump_medium, infiniplex_forest_clump_large,
          infiniplex_forest_clump_long, infiniplex_forest_clump_double,
          serial_bayou_lagoon_a, serial_bayou_pond_c
D:2:      uniq_jessica, uniq_iyjb
D:3:      yredelemnul_forgotten_temple_becter, ecumenical_altar_1, first_bread
D:4:      minmay_opposing_rooms, kennysheep_mini, gup_sewer_entry_pipe,
          dk_rats_in_the_wall
D:6:      lemuel_upstairs_altar
D:7:      grunt_temple_overflow_open, fiery_altar_vehumet, zin_scriptorium,
          minmay_temple_entry_statues_pillars, basic_altar
Temple:   circular_temple_pool_12
Sewer:    sewer_minmay_w

Action                   |  1- 3 |  4- 6 |  7- 9 || total
-------------------------+-------+-------+-------++-------
Melee: Flail             |   116 |   255 |    15 ||   386
       Giant club        |       |       |   104 ||   104
       Giant spiked club |       |       |   124 ||   124
Throw: Stone             |       |       |     1 ||     1
  Use: Scroll            |       |     7 |     7 ||    14
       Potion            |       |     4 |     8 ||    12
 Stab: Sleeping          |     1 |     1 |       ||     2
       Distracted        |       |       |     1 ||     1
  Eat: Chunk             |     2 |     9 |     9 ||    20
       Bread ration      |       |       |     3 ||     3
